 Dungeon Crawl Stone Soup version 0.31-a0-1-g4198be8af4 (webtiles) character file.

Game seed: 18006865718488585001

1005 123456 the Trooper (level 8, -1/74 HPs)
             Began as a Minotaur Fighter on May 1, 2023.
             Slain by a yak (6 damage)
             ... on level 6 of the Dungeon.
             The game lasted 00:07:05 (5412 turns).

123456 the Trooper (Minotaur Fighter)               Turns: 5412, Time: 00:07:06

Health: -1/74      AC: 12    Str: 20 (22) XL:     8   Next: 0%
Magic:  7/7        EV:  6    Int:  3 (5)  God:
Gold:   353        SH:  0    Dex: 10 (11) Spells: 7/7 levels left

rFire   . . .        a - +0 flail
rCold   . . .        c - +0 buckler
rNeg    . . .        g - +0 plate armour
rPois   .            (helmet restricted)
rElec   .            (no cloak)
rCorr   .            (no gloves)
SInv    .            (no boots)
Will    .....        (no amulet) Stlth
                     (no ring)
HPRegen 0.32/turn    (no ring)
MPRegen 0.10/turn

%: no passive effects
@: confused, ambrosia-drunk
A: horns 2, retaliatory headbutt
a: no special abilities


You were on level 6 of the Dungeon.
You visited 1 branch of the dungeon, and saw 9 of its levels.

You collected 353 gold pieces.

Inventory:

Hand Weapons
 a - a +0 flail (weapon)
Armour
 b - a +0 scale mail
 c - a +0 buckler (worn)
 g - a +0 plate armour (worn)
Jewellery
 i - a ring of ice
 z - an amulet of reflection
Wands
 v - a wand of flame (13)
 x - a wand of digging (3)
Scrolls
 j - a scroll of fog {unknown}
 l - a scroll of amnesia
 n - 3 scrolls of immolation {unknown}
 q - a scroll of fear {unknown}
 y - 2 scrolls of identify
 A - a scroll of vulnerability {unknown}
 B - a scroll of enchant weapon {unknown}
Potions
 d - 3 potions of might
 h - 2 potions of lignification
 m - a potion of flight
 o - a potion of degeneration
 p - a potion of mutation {unknown}
 r - 3 potions of attraction
 s - 3 potions of brilliance
 u - 3 potions of invisibility {unknown}
 w - a potion of resistance
 C - a potion of heal wounds {unknown}


   Skills:
 * Level 7.9 Fighting
 * Level 7.4 Maces & Flails
 - Level 5.0 Armour
 - Level 3.0 Dodging
 - Level 3.6 Shields


You had 7 spell levels left.
You didn't know any spells.
Your spell library contained the following spells:

 Spells                   Type           Power      Damage    Failure   Level
 Sting                    Tmut/Pois      0%         1d3       100%        1
 Poisonous Vapours        Pois/Air       0%         N/A       100%        2
 Olgreb's Toxic Radiance  Pois           0%         N/A       100%        4


Dungeon Overview and Level Annotations

Branches:
Dungeon (9/15)               Lair (0/5) D:9
 Temple: D:4-7          Orc: D:9-12

Altars:
Fedhas
Makhleb
Uskayaw
Vehumet
Zin
The Shining One

Shops:
D:2 (   D:5 *


Innate Abilities, Weirdness & Mutations

You have a pair of horns on your head.
You reflexively headbutt those who attack you in melee.


Message History

* * * LOW HITPOINT WARNING * * *
The yak gores you but does no damage. The yak gores you.
* * * LOW HITPOINT WARNING * * *
You feel better.
The yak gores you but does no damage. x2
You block the yak's attack.
Really read the scroll of poison?
The air fills with toxic fumes!
As you read the scroll of poison, it crumbles to dust.
The yak closely misses you. The yak barely misses you.
You block the yak's attack.
Unknown command.
Unknown command.
Unknown command.
You sock the yak!
The yak is moderately wounded.
You block the yak's attack. The yak gores you. x2
* * * LOW HITPOINT WARNING * * *
You thump the yak!
The yak is heavily wounded.
The yak gores you.
* * * LOW HITPOINT WARNING * * *
The yak gores you but does no damage. x2
You sock the yak! Your headbutt misses the yak.
The yak is almost dead.
The yak gores you.
* * * LOW HITPOINT WARNING * * *
The yak gores you.
* * * LOW HITPOINT WARNING * * *
The yak completely misses you. You furiously retaliate!
You headbutt the yak.
You are confused.
You feel invigorated. The yak gores you but does no damage. The yak gores you!
* * * LOW HITPOINT WARNING * * *
The yak barely misses you.
It was a potion of degeneration.
There was something very wrong with that liquid.
You feel weakened.
You feel dopey.
You feel clumsy. The yak gores you but does no damage. The yak gores you.
* * * LOW HITPOINT WARNING * * *
The yak gores you.
You die...

#.#.### #####...# ##.#.#.##
#.......# #...§...##### #...##.##
##...§§..##☼§## ###...#..#
#.....§§##§§§§## #........#
#....☼##§#§§§§§###.§......##
≈...<.§§§§§§§§☼§§#§§§.......#
#≈≈..>..§§§#§§☼YY§§§§§§.......#
≈≈≈≈#....#§☼☼§§§@Y☼§§☼#........##
≈≈≈≈.....##☼§§§§§§§§§##.........#
##≈≈.....§§§§§§☼§#§§#§§§...)....#
+≈≈.....#§#§§§####§☼§##..)....##
..#☼§§§#####§§§§☼...######
#.§§§§§##....§§§☼.........
..#§☼§§. ......☼§☼.........
...§§§§. #.....☼§§.........
....#..###.......Y.....##..


You could see 3 yaks.

Vanquished Creatures
  A yak (D:6)
  A kobold brigand (D:6)
  A scorpion (D:4)
  A bullfrog (D:7)
  A jelly (D:6)
  An orc priest (D:6)
  5 hounds
  A gnoll bouda (D:9)
  A sleepcap (D:5)
  4 iguanas (D:5)
  3 orc wizards
  2 gnolls (D:9)
  6 adders
  A shadow imp (D:5)
  A white imp (D:3)
  2 worms
  4 dart slugs
  17 orcs
  9 bats
  7 endoplasms
  3 giant cockroaches
  6 goblins
  9 hobgoblins
  21 kobolds
  2 quokkas
  7 ball pythons
  3 frilled lizards
  3 rats
123 creatures vanquished.

Vanquished Creatures (others)
  A fungus (D:9)
  A plant (D:9)
2 creatures vanquished.

Grand Total: 125 creatures vanquished

Notes
Turn   | Place    | Note
-------+----------+-------------------------------------------
     0 | D:1      | 123456 the Minotaur Fighter began the quest for the Orb.
     0 | D:1      | Reached XP level 1. HP: 19/19 MP: 0/0
     0 | D:1      | Noticed a formicid
     0 | D:1      | Noticed a barachi
     6 | D:1      | Noticed a minotaur
    11 | D:1      | Noticed an octopode
    13 | D:1      | Noticed an ogre
    15 | D:1      | Noticed a demonspawn
    15 | D:1      | Noticed a demonspawn
    17 | D:1      | Noticed a vampire
    17 | D:1      | Noticed an ogre
    19 | D:1      | Noticed a minotaur
   125 | D:1      | Reached XP level 2. HP: 27/27 MP: 1/1
   541 | D:1      | Reached XP level 3. HP: 33/33 MP: 2/2
   560 | D:1      | Reached skill level 1 in Dodging
   947 | D:2      | Found a glowing golden altar of the Shining One.
  1346 | D:2      | Found Aphooz's Weapon Shop.
  1464 | D:3      | Found a blossoming altar of Fedhas.
  1508 | D:3      | Found a faded altar of an unknown god.
  1570 | D:3      | Reached XP level 4. HP: 37/41 MP: 3/3
  2224 | D:4      | Reached skill level 5 in Fighting
  2264 | D:4      | Noticed a scorpion
  2273 | D:4      | Killed a scorpion
  2274 | D:4      | Reached XP level 5. HP: 48/48 MP: 4/4
  2306 | D:4      | Found a glowing silver altar of Zin.
  2400 | D:4      | Found a hide-covered altar of Uskayaw.
  2414 | D:4      | Reached skill level 5 in Maces & Flails
  2414 | D:4      | Reached XP level 6. HP: 55/56 MP: 5/5
  2980 | D:5      | Entered Level 5 of the Dungeon
  3003 | D:5      | Found a burning altar of Makhleb.
  3068 | D:5      | Found Biemim's Fire Supplies.
  3191 | D:5      | Found a glowing golden altar of the Shining One.
  3597 | D:5      | Reached skill level 5 in Armour
  3597 | D:5      | Reached XP level 7. HP: 44/63 MP: 6/6
  3714 | D:5      | Noticed a kobold demonologist
  3965 | D:6      | Noticed a yak
  3965 | D:6      | Noticed a yak
  3965 | D:6      | Noticed a yak
  3966 | D:6      | Noticed a yak
  4405 | D:6      | You fall into a shaft and drop 3 floors!
  4756 | D:9      | Found a staircase to the Lair.
  4944 | D:6      | Found a radiant altar of Vehumet.
  5404 | D:6      | Killed a yak
  5405 | D:6      | Reached XP level 8. HP: 14/74 MP: 7/7
  5411 | D:6      | HP: 3/74 [yak (8)]
  5412 | D:6      | Slain by a yak

Illustrated notes

Levels and vault maps discovered:
D:1:      shiori_arrival_whats_in_store_for_you, layout_basic,
          chequers_serial_rivers_small_b, nicolae_figureground_pulse
D:2:      layout_basic, serial_shops, shop, basic_altar,
          minmay_misc_feat_secret_circle
D:3:      layout_loops_cross, fedhas_altar_3,
          dreamdust_ecumenical_altar_angels_and_demons, minmay_divided_ellipse
D:4:      layout_basic, marbit_many_paths,
          nicolae_uskayaw_murder_on_the_dancefloor, small_statue_intersection
D:5:      layout_rooms, tso_altar, mainiacjoe_overflow_paths,
          hangedman_decor_lopped, nicolae_shop_fire_sale
          [nicolae_sub_dead_trees], lightli_corner_chamber
D:6:      layout_cave_pools, mainiacjoe_overflow_tiny_flanked,
          water_boxes_lemuel
D:7:      wad_lake_hut, layout_basic, temple_green
D:8:      layout_basic, lemuel_coloured_pillars_altar,
          mainiacjoe_overflow_alcove_1, ebering_ghost_reflecting_pool,
          uniq_joseph
D:9:      layout_roguey, kennysheep_mini, dpeg_oklobed_lair, orc_0_dummy

Skill      XL: |  1  2  3  4  5  6  7 |
---------------+----------------------+-----
Fighting       | 4 5 6 7 |  7.9
Maces & Flails | 3 4 5 7 |  7.4
Dodging        | 1 2 3 |  3.0
Armour         | 4 5 |  5.0
Shields        | |  3.6

Action                     |  1- 3 |  4- 6 |  7- 9 || total
---------------------------+-------+-------+-------++-------
  Melee: Flail             |   100 |   161 |    96 ||   357
         Headbutt          |    12 |    28 |    10 ||    50
    Use: Scroll            |       |     6 |     3 ||     9
         Potion            |       |       |     7 ||     7
 Armour: Scale mail        |     4 |       |       ||     4
         Plate armour      |    67 |   116 |    69 ||   252
         Skin              |       |       |    50 ||    50
  Dodge: Dodged            |    42 |    52 |    47 ||   141
  Block: Buckler           |    28 |    40 |    40 ||   108

Table legend: (Time is in decaauts)
 A = Elapsed time spent in this place.
 B = Non-inter-level travel time spent in this place.
 C = Inter-level travel time spent in this place.
 D = Time resting spent in this place.
 E = Time spent auto-exploring this place.
 F = Levels seen in this place.
 G = Mean time per level.
                   A        B        C        D        E       F      G
               +--------+--------+--------+--------+--------+-----+--------+
         Total |   5481 |   5404 |     77 |    974 |   3342 |   9 |  609.0 |
       Dungeon |   5481 |   5404 |     77 |    974 |   3342 |   9 |  609.0 |
               +--------+--------+--------+--------+--------+-----+--------+

Top non-repeatable levels by time:
     D:6: 1022 daAuts
     D:5: 1004 daAuts
     D:3: 832 daAuts
     D:1: 783 daAuts
     D:4: 783 daAuts
     D:2: 627 daAuts
     D:9: 354 daAuts
     D:8: 55 daAuts
     D:7: 17 daAuts
